 Dungeon Crawl Stone Soup version 0.18.1-6-gd335043 (webtiles) character file.

2852 Pidor the Gouger (level 9, 35/43 HPs)
             Began as a Felid Monk on May 18, 2016.
             Was a Priest of Fedhas.
             Quit the game on level 11 of the Dungeon.
             The game lasted 00:39:13 (9206 turns).

Pidor the Gouger (Felid Monk)                       Turns: 9206, Time: 00:39:14

Health: 35/43      AC:  5    Str:  8    XL:     9   Next: 46%
Magic:  13/13      EV: 28    Int: 13    God:    Fedhas [***...]
Gold:   395        SH:  0    Dex: 20    Spells: 1 memorised, 5 levels left
                                        Lives:  1   Deaths: 2

rFire  . . .     SeeInvis +       - Unarmed
rCold  . . .     Gourm    .     (armour unavailable)
rNeg   . . .     Faith    .     (shield unavailable)
rPois  .         Spirit   .     (helmet unavailable)
rElec  .         Dismiss  .     (cloak unavailable)
rCorr  .         Reflect  .     (gloves unavailable)
SustAt .         Harm     .     (boots unavailable)
MR     +....                    p - amulet of regeneration
Stlth  ++++++....               w - +3 ring of protection
                                d - +5 ring of slaying

@: quick, somewhat resistant to hostile enchantments, very stealthy
A: no armour, no weapons or thrown items, claws 1, fangs 3, see invisible,
carnivore 3, speed 1, mutation resistance 1, shaggy fur 2, slow metabolism 1,
sharp paws
a: Evolution, Sunlight, Growth, Renounce Religion


You were on level 11 of the Dungeon.
You worshipped Fedhas.
Fedhas was most pleased with you.
You were not hungry.

You visited 2 branches of the dungeon, and saw 12 of its levels.
You also visited: Ossuary.

You collected 437 gold pieces.
You spent 42 gold pieces at shops.

Inventory:

Jewellery
 d - a +5 ring of slaying (left paw)
 i - an uncursed ring of magical power
 k - an uncursed amulet of dismissal
 l - an uncursed ring of resist corrosion
 p - an amulet of regeneration (around neck)
 w - a +3 ring of protection (right paw)
 K - a +5 ring of intelligence
Wands
 A - a wand of flame (16/48)
 E - a wand of polymorph (8/24)
 F - a wand of flame (20/48)
 G - a wand of acid (6/15)
 H - a wand of iceblast (7/15)
Scrolls
 c - 5 scrolls of amnesia
 e - 6 scrolls of noise
 j - 14 scrolls of remove curse
 n - 5 scrolls of fog
 r - 2 scrolls of enchant weapon
 s - 7 scrolls of immolation
 t - 3 scrolls of teleportation {unknown}
 u - 4 scrolls of magic mapping
 y - a scroll of fear {unknown}
 C - a scroll of blinking {unknown}
Potions
 b - a potion of flight
 h - 3 potions of ambrosia
 m - 3 potions of agility
 o - 4 potions of lignification
 q - 3 potions of heal wounds
 x - a potion of curing
 z - a potion of berserk rage {unknown}
 B - 4 potions of brilliance
 D - a potion of resistance
Books
 v - a book of Misfortune

   Spells                             Type                      Level
   a - Confusing Touch                Hexes                        2
   b - Confuse                        Hexes                        3
   c - Gell's Gravitas                Hexes/Translocation          3
   d - Petrify                        Transmutation/Earth          4
   e - Metabolic Englaciation         Hexes/Ice                    5
   f - Yara's Violent Unravelling     Hexes/Transmutation          5
 I - a Necronomicon

   Spells                             Type                      Level
   a - Haunt                          Necromancy/Summoning         7
   b - Borgnjor's Revivification      Necromancy                   8
   c - Death's Door                   Charms/Necromancy            8
   d - Necromutation                  Transmutation/Necromancy     8
 J - a book of Battle

   Spells                             Type                      Level
   a - Infusion                       Charms                       1
   b - Shroud of Golubria             Charms/Translocation         2
   c - Song of Slaying                Charms                       2
   d - Spectral Weapon                Hexes/Charms                 3
   e - Regeneration                   Charms/Necromancy            3
Comestibles
 a - 9 meat rations
 f - 4 beef jerkies
 g - a slice of pizza


   Skills:
 + Level 7.4 Fighting
 + Level 10.1 Dodging
 - Level 10.2 Stealth
 * Level 10.7 Unarmed Combat
 + Level 2.4 Charms
 + Level 1.8 Necromancy
 * Level 4.3 Invocations


You had 5 spell levels left.
You knew the following spells:

 Your Spells              Type           Power        Failure   Level  Hunger
a - Regeneration          Chrm/Necr      #.........   38%         3    ####...


Dungeon Overview and Level Annotations

Branches:
Dungeon (11/15)            Temple (1/1) D:6             Orc (0/2) D:11
   Lair: D:8-11

Altars:
Ashenzari
Cheibriados
Dithmenos
Elyvilon
Fedhas
Gozag
Kikubaaqudgha
Makhleb
Nemelex Xobeh
Okawaru
Pakellas
Qazlal
Ru
Sif Muna
Trog
Vehumet
Xom
Yredelemnul
Zin
The Shining One

Shops:
D:4 !

Annotations:
D:4 Edmund; krfreak's ghost, novice HuWn


Innate Abilities, Weirdness & Mutations

You cannot wear armour.
You are incapable of wielding weapons or throwing items.
You have sharp claws.
You have razor-sharp teeth.
You have supernaturally acute eyesight.
You are carnivorous and can eat meat at any time.
You cover ground quickly.
You are covered in thick fur (AC +2).
You have a slow metabolism.
Your sharp claws are effective at attacking unaware monsters.
You are somewhat resistant to further mutation.


Message History

Found a long sword.
The helpless crimson imp fails to defend itself.
You eviscerate the crimson imp!!!!
You kill the crimson imp!
No target in view!
A yak and a crimson imp come into view.
Found 21 sling bullets and a war axe.
Found a stone staircase leading down. 2 yaks come into view.
You pounce on the unaware helpless crimson imp!
You eviscerate the crimson imp!!!
You kill the crimson imp!
A giant frog comes into view.
The yak bellows! x2; The giant frog croaks.
You hear a shout!
You see here 21 sling bullets.
The yak gores you!
You closely miss the yak. The giant frog misses you.
The yak completely misses you.
You see here 21 sling bullets.
The giant frog closely misses you.
Are you sure you want to abandon this character and quit the game? (Confirm with "yes".)

#..... #>...# #....#
#).Y# #########
#####Y# #.......#
#....(# #.......#
####..#######......)#
####F...............#
#..)@...............#
####.####.>##.......#
#.# #####.......# #.#
#....)..# ..#
#.......# ...
######### .... ....


You could see 2 yaks and a giant frog.

Vanquished Creatures
  A hill giant (D:10)
  Psyche (D:8)
  A troll (D:9)
  A slime creature (D:7)
  Prince Ribbit (D:6)
  A spriggan (D:7)
  A wyvern (D:5)
  A hippogriff (D:8)
  Menkaure (D:6)
  A water moccasin (D:9)
  4 ice beasts
  3 orc warriors
  2 sky beasts
  A phantom (D:7)
  9 ogres
  An eye of draining (D:9)
  3 centaurs
  2 crocodiles (D:9)
  A big kobold (D:6)
  4 giant frogs
  A gnoll sergeant (D:7)
  A scorpion (D:8)
  13 wights
  3 crimson imps
  3 giant frog zombies
  3 centaur zombies
  8 jellies
  5 hounds
  A wasp zombie (D:7)
  4 giant frog skeletons
  6 orc wizards
  9 worker ants
  2 big kobold zombies (Ossuary)
  A hound zombie (D:7)
  A hound skeleton (D:6)
  3 mummies (Ossuary)
  A worker ant zombie (D:7)
  15 adders
  3 gnolls (D:8)
  A shadow imp (D:9)
  16 oozes
  An adder zombie (D:7)
  3 worms
  2 dart slugs
  4 giant geckos
  24 orcs
  4 giant cockroaches
  4 goblins
  11 hobgoblins
  4 jackals (D:8)
  8 kobolds
  4 quokkas
  A ball python (D:4)
  7 bats
  6 giant newts
  A goblin zombie (Ossuary)
  A jackal skeleton (D:7)
  4 orc zombies (Ossuary)
  A quokka skeleton (D:5)
  7 rats
237 creatures vanquished.

Vanquished Creatures (others)
  A wandering mushroom (D:10)
  A necrophage (D:7)
  A hound skeleton (D:7)
  A giant cockroach (D:3)
  5 fungi (D:7)
  64 toadstools
73 creatures vanquished.

Grand Total: 310 creatures vanquished

Notes
Turn   | Place    | Note
--------------------------------------------------------------
     0 | D:1      | Pidor the Felid Monk began the quest for the Orb.
     0 | D:1      | Reached XP level 1. HP: 10/10 MP: 2/2
   693 | D:1      | Reached XP level 2. HP: 14/14 MP: 3/3
  1054 | D:2      | Reached XP level 3. HP: 17/17 MP: 4/4
  2068 | D:2      | Reached XP level 4. HP: 21/21 MP: 5/5
  2390 | D:3      | Reached skill level 5 in Unarmed Combat
  2569 | D:3      | Found a white marble altar of Elyvilon.
  2882 | D:4      | Noticed krfreak's ghost (novice HuWn)
  2901 | D:4      | Noticed Edmund
  2917 | D:4      | Found Etiem's Distillery.
  2936 | D:3      | Reached XP level 5. HP: 24/24 MP: 6/6
  2958 | D:4      | Bought a potion of curing for 42 gold pieces
  3151 | D:4      | Found a deep blue altar of Sif Muna.
  3184 | D:5      | Entered Level 5 of the Dungeon
  3262 | D:5      | Noticed an ogre
  3282 | D:5      | Killed an ogre
  3282 | D:5      | Reached skill level 5 in Dodging
  3525 | D:4      | Noticed an ogre
  3562 | D:4      | Killed an ogre
  3562 | D:4      | Gained mutation: You are covered in thick fur (AC +2). [Felid growth]
  3562 | D:4      | Reached XP level 6. HP: 12/28 MP: 7/7
  3716 | D:4      | Reached skill level 5 in Stealth
  3900 | D:5      | Noticed an ice beast
  3906 | D:5      | Killed an ice beast
  3906 | D:5      | Reached XP level 7. HP: 32/32 MP: 8/8
  3996 | D:5      | Found a bloodstained altar of Trog.
  4034 | D:5      | Found an ancient bone altar of Kikubaaqudgha.
  4130 | D:5      | Found a burning altar of Makhleb.
  4305 | D:5      | Noticed a wyvern
  4326 | D:5      | Killed a wyvern
  4326 | D:5      | Reached XP level 8. HP: 17/36 MP: 9/9
  4432 | D:5      | Reached skill level 5 in Fighting
  4644 | D:6      | Found a sand-covered staircase.
  4648 | D:6      | Noticed Menkaure
  4659 | D:6      | Killed Menkaure
  4664 | Ossuary  | Entered an ossuary
  5137 | D:6      | Found an opulent altar of Gozag.
  5138 | D:6      | Found a sparkling altar of Nemelex Xobeh.
  5191 | D:6      | Found a staircase to the Ecumenical Temple.
  5211 | Temple   | Entered the Ecumenical Temple
  5773 | D:6      | Noticed Prince Ribbit
  5783 | D:6      | Killed Prince Ribbit
  5783 | D:6      | Reached XP level 9. HP: 40/41 MP: 10/10
  6144 | D:7      | Found a shimmering altar of Xom.
  6348 | D:6      | Gained mutation: You are somewhat resistant to further mutation. [potion of beneficial mutation]
  6750 | D:7      | Slain by an orc warrior
  6751 | D:7      | Reached XP level 8. HP: -2/38 MP: 9/9
  6913 | D:7      | Found a basalt altar of Yredelemnul.
  6924 | D:7      | Found an ancient bone altar of Kikubaaqudgha.
  7086 | D:7      | Reached XP level 9. HP: 32/42 MP: 10/10
  7249 | D:7      | Reached skill level 10 in Unarmed Combat
  7401 | D:7      | Found a blossoming altar of Fedhas.
  7408 | D:7      | Became a worshipper of Fedhas Madash
  7408 | D:7      | Reached * piety under Fedhas
  7408 | D:7      | Reached ** piety under Fedhas
  7495 | D:7      | Reached skill level 10 in Stealth
  7680 | D:8      | Noticed Psyche
  7779 | D:8      | Found a radiant altar of Vehumet.
  7785 | D:8      | Reached skill level 1 in Invocations
  7849 | D:8      | Killed Psyche
  7974 | D:8      | Found a glowing silver altar of Zin.
  7980 | D:8      | Found a burning altar of Makhleb.
  7981 | D:8      | Noticed an angel
  7981 | D:8      | Noticed a green death
  8225 | D:8      | Learned a level 3 spell: Regeneration
  8420 | D:9      | Reached XP level 10. HP: 45/47 MP: 12/12
  8439 | D:9      | Reached *** piety under Fedhas
  8773 | D:9      | Reached skill level 1 in Charms
  8773 | D:9      | Reached skill level 1 in Necromancy
  8964 | D:9      | Found a sparkling altar of Nemelex Xobeh.
  9010 | D:10     | Entered Level 10 of the Dungeon
  9020 | D:10     | Noticed a hill giant
  9028 | D:10     | Killed a hill giant
  9028 | D:10     | Reached skill level 10 in Dodging
  9159 | D:10     | Noticed a cyan ugly thing
  9166 | D:10     | HP: 2/47 [cyan ugly thing (13)]
  9183 | D:11     | Killed from afar by an orc priest
  9184 | D:11     | Reached XP level 9. HP: -2/43 MP: 13/13
  9186 | D:11     | Found a staircase to the Orcish Mines.
  9206 | D:11     | Quit the game

Skill      XL: |  1  2  3  4  5  6  7  8  9 10 |
---------------+-------------------------------+-----
Stealth        | 3 4 5 6 9 10 | 10.2
Unarmed Combat | 5 6 7 8 10 | 10.7
Dodging        | 5 6 9 10 | 10.1
Fighting       | 4 5 7 |  7.4
Invocations    | 2 4 |  4.3
Charms         | 2 |  2.4
Necromancy     | 1 |  1.8

Action                   |  1- 3 |  4- 6 |  7- 9 | 10-12 || total
-------------------------+-------+-------+-------+-------++-------
Melee: Unarmed           |    89 |   100 |   441 |    44 ||   674
       Bite              |     9 |    10 |    48 |     2 ||    69
       Punch             |     1 |     2 |    16 |     2 ||    21
Invok: Evolution         |       |       |       |     1 ||     1
Evoke: Wand              |       |       |     3 |       ||     3
  Use: Scroll            |       |     1 |     8 |     1 ||    10
       Potion            |       |       |    10 |       ||    10
 Stab: Sleeping          |    14 |    12 |    18 |    12 ||    56
       Distracted        |     2 |       |     8 |       ||    10
  Eat: Chunk             |     9 |     4 |    12 |       ||    25
Armor: Skin              |     7 |    10 |    18 |     2 ||    37
Dodge: Dodged            |    54 |    80 |   338 |    27 ||   499
